 Dungeon Crawl Stone Soup version 0.27.1-1-g398f81649c (webtiles) character file.

Game seed: 2722208257985580024

84 nxtlvl the Ruffian (level 4, -1/35 HPs)
             Began as a Minotaur Transmuter on Sept 19, 2021.
             Slain by an orc warrior (15 damage)
             ... on level 3 of the Dungeon.
             The game lasted 00:08:06 (802 turns).

nxtlvl the Ruffian (Minotaur Transmuter)             Turns: 802, Time: 00:08:07

Health: -1/35      AC:  8    Str: 16    XL:     4   Next: 23%
Magic:  5/5        EV:  6    Int: 10    God:
Gold:   26         SH:  3    Dex: 10    Spells: 4/5 levels left

rFire    . . .     SeeInvis .     - Unarmed
rCold    . . .     Faith    .   e - +0 buckler
rNeg     . . .     Spirit   .   a - +0 chain mail
rPois    .         Reflect  .   (helmet restricted)
rElec    .         Harm     .   (no cloak)
rCorr    .         Rampage  .   (no gloves)
Will     .....                  (no boots)
Stlth    ..........             f - amulet of regeneration
HPRegen  1.11/turn              (no ring)
MPRegen  0.09/turn              (no ring)

@: no status effects
A: horns 2, retaliatory headbutt
a: no special abilities


You were on level 3 of the Dungeon.
You visited 1 branch of the dungeon, and saw 3 of its levels.

You collected 26 gold pieces.

Inventory:

Hand Weapons
 b - a +0 hunting sling
Missiles
 h - 15 sling bullets
 j - 19 bolts
 m - a poisoned dart (quivered)
Armour
 a - a +0 chain mail (worn)
 c - a +0 ring mail
 e - a +0 buckler (worn)
Jewellery
 f - an amulet of regeneration (around neck)
Potions
 g - a potion of attraction
 k - a potion of haste
 l - a potion of curing


   Skills:
 - Level 1.2 Fighting
 - Level 2.1 Dodging
 * Level 5.6 Unarmed Combat
 - Level 1.3 Spellcasting
 - Level 1.5 Transmutations


You had 4 spell levels left.
You knew the following spells:

 Your Spells              Type           Power      Damage    Failure   Level
a - Beastly Appendage     Tmut           6%         N/A       100%        1

Your spell library contained the following spells:

 Spells                   Type           Power      Damage    Failure   Level
 Wereblood                Tmut           3%         N/A       100%        2
 Call Canine Familiar     Summ           0%         N/A       100%        3
 Portal Projectile        Hex/Tloc       0%         N/A       100%        3
 Spider Form              Tmut/Pois      1%         N/A       100%        3
 Cause Fear               Hex            0%         N/A       100%        4
 Ice Form                 Ice/Tmut       2%         N/A       100%        4
 Leda's Liquefaction      Hex/Erth       0%         N/A       100%        4
 Dragon Form              Tmut           1%         N/A       100%        7
 Dragon's Call            Summ           0%         N/A       100%        9


Dungeon Overview and Level Annotations

Branches:
Dungeon (3/15)

Altars:


Innate Abilities, Weirdness & Mutations

You have a pair of horns on your head.
You reflexively headbutt those who attack you in melee.


Message History

You hit the orc warrior. Your headbutt misses the orc warrior.
The orc warrior is heavily wounded.
The orc warrior hits you with a +0 long sword!
Found a stone staircase leading up.
You hit the orc warrior but do no damage.
The orc warrior is heavily wounded.
The orc warrior hits you with a +0 long sword!
Throw: 5 darts (poison)
Press: ? - help, Q - select action, (/) - cycle Shift-Dir - straight line, f - orc warrior
Aim: an orc warrior, wielding a +0 long sword and wearing a +0 chain mail (heavily wounded, 45% to hit)
You throw a poisoned dart.
The poisoned dart closely misses the orc warrior.
The orc warrior hits you with a +0 long sword.
Throw: 4 darts (poison)
Press: ? - help, Q - select action, (/) - cycle Shift-Dir - straight line, f/p - orc warrior
Aim: an orc warrior, wielding a +0 long sword and wearing a +0 chain mail (heavily wounded, 47% to hit)
You throw a poisoned dart. The poisoned dart hits the orc warrior.
The orc warrior is poisoned.
The orc warrior is heavily wounded.
The orc warrior hits you with a +0 long sword.
* * * LOW HITPOINT WARNING * * *
The orc warrior hits you with a +0 long sword!
* * * LOW HITPOINT WARNING * * *
The orc warrior looks more healthy.
You see here 2 poisoned darts.
You see here 2 poisoned darts.
Throw: 3 darts (poison)
Press: ? - help, Q - select action, (/) - cycle Shift-Dir - straight line, f/p - orc warrior
Aim: an orc warrior, wielding a +0 long sword and wearing a +0 chain mail (severely wounded, 47% to hit)
You throw a poisoned dart.
The poisoned dart barely misses the orc warrior.
The orc warrior hits you with a +0 long sword!
Throw: 2 darts (poison)
Press: ? - help, Q - select action, (/) - cycle Shift-Dir - straight line, f/p - orc warrior
Aim: an orc warrior, wielding a +0 long sword and wearing a +0 chain mail (severely wounded, 45% to hit)
You throw a poisoned dart. The poisoned dart hits the orc warrior.
The orc warrior is poisoned.
The orc warrior is severely wounded.
The orc warrior hits you with a +0 long sword!
You die...

#.............#.#
#....###..#####.# ###
#....+......# #.#..<
#....####...###.#.#
##....##...........#
##.....##.#...###.###
.....[....#...# #.#
.#....$.#.....###o#
##......#.##.>..@.#
........#...[...#.#
###.....#######.#...
#####... #.#.#... ##.
#......... ....# .###
##### . #.


You could see an orc warrior (poisoned).

Vanquished Creatures
  Jessica (D:3)
  An orc wizard (D:3)
  A worm (D:3)
  An orc (D:3)
  5 bats
  4 endoplasms
  A goblin (D:1)
  2 hobgoblins
  3 jackals (D:2)
  2 kobolds
  2 quokkas
  2 ball pythons (D:2)
  2 frilled lizards (D:2)
  3 rats
30 creatures vanquished.

Notes
Turn   | Place    | Note
-------+----------+-------------------------------------------
     0 | D:1      | nxtlvl the Minotaur Transmuter began the quest for the Orb.
     0 | D:1      | Reached XP level 1. HP: 16/16 MP: 1/1
   162 | D:2      | Reached XP level 2. HP: 5/23 MP: 0/3
   186 | D:2      | Reached skill level 4 in Unarmed Combat
   540 | D:3      | Noticed Jessica
   575 | D:3      | Reached XP level 3. HP: 20/28 MP: 2/4
   577 | D:3      | Killed Jessica
   578 | D:3      | Reached skill level 5 in Unarmed Combat
   682 | D:3      | Noticed an orc warrior
   688 | D:3      | Reached XP level 4. HP: 34/35 MP: 5/5
   802 | D:3      | Slain by an orc warrior

Illustrated notes

Levels and vault maps discovered:
D:1:      beargit_arrival_greenhouse, layout_rooms,
          dreamdust_ecumenical_altar_sealed_demon,
          wander_ebering_terrifying_dragon_lair
D:2:      layout_loops_ring, minivault_11, chequers_serial_rivers_small_a,
          chequers_avenue
D:3:      minmay_diamond_boxcup, layout_basic, bh_walls_and_bars, uniq_jessica

Skill      XL: |  1  2  3 |
---------------+----------+-----
Unarmed Combat | 4 5 |  5.6
Fighting       | |  1.2
Dodging        | |  2.1
Spellcasting   | |  1.3
Transmutations | |  1.5

Action                   |  1- 3 |  4- 6 || total
-------------------------+-------+-------++-------
Melee: Unarmed           |    63 |    16 ||    79
       Headbutt          |     6 |       ||     6
       Kick              |     1 |       ||     1
 Fire: Hunting sling     |    29 |       ||    29
Throw: Dart              |       |     4 ||     4
 Cast: Beastly Appendage |     1 |       ||     1
  Use: Scroll            |       |     3 ||     3
Armor: Leather armour    |     8 |       ||     8
       Chain mail        |     8 |       ||     8
       Ring mail         |     5 |       ||     5
Dodge: Dodged            |    34 |     3 ||    37
Block: Buckler           |     4 |     4 ||     8
